 Dungeon Crawl Stone Soup version 0.28-a0-95-g65e1ffefe4 (webtiles) character file.

Game seed: 10912453986528131464

79 Gargoyl the Skirmisher (level 4, -10/41 HPs)
             Began as a Gnoll Abyssal Knight on Aug 8, 2021.
             Was a Follower of Lugonu.
             Mangled by a small abomination (15 damage)
             ... on level 1 of the Abyss.
             The game lasted 00:00:56 (435 turns).

Gargoyl the Skirmisher (Gnoll Abyssal Knight)        Turns: 435, Time: 00:00:56

Health: -10/41     AC:  3    Str: 13    XL:     4   Next: 37%
Magic:  7/7        EV: 12    Int: 11    God:    Lugonu [*.....]
Gold:   0          SH:  0    Dex: 11    Spells: 5/5 levels left

rFire   . . .      SeeInvis .   a - +1 hand axe
rCold   . . .      Faith    .   (no shield)
rNeg    . . .      Spirit   .   b - +0 leather armour
rPois   .          Reflect  .   (no helmet)
rElec   .          Harm     .   (no cloak)
rCorr   .          Rampage  .   (no gloves)
Will    .....                   (no boots)
Stlth   +.........              (no amulet)
HPRegen 0.00/turn               (no ring)
MPRegen 0.10/turn               (no ring)

@: inhibited regen
A: fangs 1, strong nose, distributed training, inhibited regeneration
a: Renounce Religion, Depart the Abyss


You were on level 1 of the Abyss.
You worshipped Lugonu.
Lugonu was aware of your devotion.
You visited 0 branches of the dungeon, and saw 0 of its levels.
You visited the Abyss 1 time.

Inventory:

Hand Weapons
 a - a +1 hand axe (weapon)
Armour
 b - a +0 leather armour (worn)


   Skills:
 + Level 6.6 Fighting
 + Level 1.1 Short Blades
 + Level 1.1 Long Blades
 + Level 4.6 Axes
 + Level 1.1 Maces & Flails
 + Level 1.1 Polearms
 + Level 1.1 Staves
 + Level 1.1 Slings
 + Level 1.1 Bows
 + Level 1.1 Crossbows
 + Level 1.1 Throwing
 + Level 4.6 Armour
 + Level 2.7 Dodging
 + Level 1.1 Stealth
 + Level 1.1 Shields
 + Level 1.1 Unarmed Combat
 + Level 1.1 Spellcasting
 + Level 0.8 Conjurations
 + Level 0.8 Hexes
 + Level 0.8 Summonings
 + Level 0.8 Necromancy
 + Level 0.8 Translocations
 + Level 0.8 Transmutations
 + Level 0.8 Fire Magic
 + Level 0.8 Ice Magic
 + Level 0.8 Air Magic
 + Level 0.8 Earth Magic
 + Level 0.8 Poison Magic
 + Level 4.7 Invocations
 + Level 1.1 Evocations


You had 5 spell levels left.
You didn't know any spells.
Your spell library was empty.

Dungeon Overview and Level Annotations

Branches:
Dungeon (0/15)

Altars:


Innate Abilities, Weirdness & Mutations

You have very sharp teeth.
Your uncanny sense of smell can sniff out nearby items.
Your experience applies equally to all skills.
You do not regenerate when monsters are visible.


Message History

The apocalypse crab breathes chaos at you.
Your Short Blades skill increases to level 1!
Your Long Blades skill increases to level 1!
Your Maces & Flails skill increases to level 1!
Your Polearms skill increases to level 1!
Your Staves skill increases to level 1!
Your Slings skill increases to level 1!
Your Bows skill increases to level 1!
Your Crossbows skill increases to level 1!
Your Throwing skill increases to level 1!
Your Stealth skill increases to level 1!
Your Shields skill increases to level 1!
Your Unarmed Combat skill increases to level 1!
Your Spellcasting skill increases to level 1!
Your Evocations skill increases to level 1!
You have reached level 2!
You have reached level 3!
Your experience leads to an increase in your attributes!
Increase (S)trength, (I)ntelligence, or (D)exterity?
You feel stronger.
You have reached level 4!
You feel stronger.
Unknown command.
The substance of the Abyss twists violently, and a gateway leading out appears!
There is a gateway leading out of the Abyss here.
Found a gateway leading out of the Abyss.
You are suddenly pulled into a different region of the Abyss!
HP restored.
A small abomination comes into view.
The small abomination barely misses you.
A large abomination comes into view.
The large abomination closely misses you.
The small abomination barely misses you.
A large abomination comes into view.
The small abomination closely misses you.
The large abomination hits you!!!
Ouch! That really hurt!
* * * LOW HITPOINT WARNING * * *
Unknown command.
The small abomination hits you!
You die...

. . ##
..##....# .
###.#
.#...#..#...
...
..#.##....#.
# .
..#.#..#...
#... .
#..#..##. #.
....##..
.......#.#.##
.#.....
#......
....... #.
#.####.....#
##..##X.#@#
#..##..#x##
#..#..###X.#
##..##.# ###
#### ...
#.#.. .. .. .
. # ..


You could see a small abomination.

Vanquished Creatures
  A neqoxec (Abyss:1)
1 creature vanquished.

Notes
Turn   | Place    | Note
-------+----------+-------------------------------------------
     0 | Abyss:1  | Gargoyl the Gnoll Abyssal Knight began the quest for the
                  | Orb.
     0 | Abyss:1  | Reached XP level 1. HP: 23/23 MP: 3/3
    20 | Abyss:1  | Found a corrupted altar of Lugonu.
    52 | Abyss:1  | Found a corrupted altar of Lugonu.
   109 | Abyss:1  | Noticed a neqoxec
   116 | Abyss:1  | Gained mutation: You do not regenerate when monsters are
                  | visible. [a neqoxec]
   137 | Abyss:1  | Noticed an apocalypse crab
   139 | Abyss:1  | Killed a neqoxec
   140 | Abyss:1  | Reached skill level 1 in Short Blades
   140 | Abyss:1  | Reached skill level 1 in Long Blades
   140 | Abyss:1  | Reached skill level 1 in Maces & Flails
   140 | Abyss:1  | Reached skill level 1 in Polearms
   140 | Abyss:1  | Reached skill level 1 in Staves
   140 | Abyss:1  | Reached skill level 1 in Slings
   140 | Abyss:1  | Reached skill level 1 in Bows
   140 | Abyss:1  | Reached skill level 1 in Crossbows
   140 | Abyss:1  | Reached skill level 1 in Throwing
   140 | Abyss:1  | Reached skill level 1 in Stealth
   140 | Abyss:1  | Reached skill level 1 in Shields
   140 | Abyss:1  | Reached skill level 1 in Unarmed Combat
   140 | Abyss:1  | Reached skill level 1 in Spellcasting
   140 | Abyss:1  | Reached skill level 1 in Evocations
   140 | Abyss:1  | Reached XP level 2. HP: 6/29 MP: 5/5
   140 | Abyss:1  | Reached XP level 3. HP: 8/35 MP: 6/6
   140 | Abyss:1  | Reached XP level 4. HP: 9/41 MP: 7/7
   421 | Abyss:1  | Noticed a small abomination
   430 | Abyss:1  | Noticed a large abomination
   433 | Abyss:1  | Noticed a large abomination
   435 | Abyss:1  | Mangled by a small abomination

Illustrated notes

Levels and vault maps discovered:
Abyss:1:  base: Temple, base: Temple, hangedman_shadowy_showcase

Skill      XL: |  1 |
---------------+----+-----
Short Blades   | 1 |  1.1
Long Blades    | 1 |  1.1
Maces & Flails | 1 |  1.1
Polearms       | 1 |  1.1
Staves         | 1 |  1.1
Slings         | 1 |  1.1
Bows           | 1 |  1.1
Crossbows      | 1 |  1.1
Throwing       | 1 |  1.1
Stealth        | 1 |  1.1
Shields        | 1 |  1.1
Unarmed Combat | 1 |  1.1
Spellcasting   | 1 |  1.1
Evocations     | 1 |  1.1
Fighting       | |  6.6
Axes           | |  4.6
Armour         | |  4.6
Dodging        | |  2.7
Conjurations   | |  0.8
Hexes          | |  0.8
Summonings     | |  0.8
Necromancy     | |  0.8
Translocations | |  0.8
Transmutations | |  0.8
Fire Magic     | |  0.8
Ice Magic      | |  0.8
Air Magic      | |  0.8
Earth Magic    | |  0.8
Poison Magic   | |  0.8
Invocations    | |  4.7

Action                   |  1- 3 |  4- 6 || total
-------------------------+-------+-------++-------
Melee: Hand axe          |     3 |       ||     3
       Bite              |     1 |       ||     1
  Use: Scroll            |     2 |       ||     2
Dodge: Dodged            |       |     4 ||     4

Table legend: (Time is in decaauts)
 A = Elapsed time spent in this place.
 B = Non-inter-level travel time spent in this place.
 C = Inter-level travel time spent in this place.
 D = Time resting spent in this place.
 E = Time spent auto-exploring this place.
 F = Levels seen in this place.
 G = Mean time per level.
                   A        B        C        D        E       F      G
               +--------+--------+--------+--------+--------+-----+--------+
         Total |    435 |    435 |      0 |      0 |    382 |   1 |  435.0 |
         Abyss |    435 |    435 |      0 |      0 |    382 |   1 |  435.0 |
               +--------+--------+--------+--------+--------+-----+--------+

Top non-repeatable levels by time:
 Abyss:1: 435 daAuts
